AoeStats
← Mangouste963

Arabia

511563142Analyzed
2v2 RM · 11d ago on Oct 5, 2026· 23m 55s· 4 players
Game mode
Random Map
Map size
Medium (4 player)
Population
200
Speed
Normal
Resources
Standard
Victory
Conquest
Starting age
Dark Age
Ending age
Imperial Age
RankedLock teamsTeams togetherTeam positionsShared explorationLock speedFull tech treeHidden civsTurbo modeCheats
Victory
Defeat
🇩🇪 Mongols · Germany
1110
+14
🇵🇪 Bengalis · Peru
1045
+18
vs
🇧🇪 Goths · Belgium
1072
-16
🇧🇪 Magyars · Belgium
1071
-16
Janot567
0:43 Loom
11:47 Feudal Age
13:54 Wheelbarrow
15:42 Man-at-Arms
15:48 Man-at-Arms
16:33 Scale Mail Armor
16:44 Forging
17:07 Double-Bit Axe
17:06 Horse Collar
18:57 Town Watch
25:56 Castle Age
Mangouste963
10:27 Feudal Age
19:23 Horse Collar
24:30 Castle Age
DasEd86
7:04 Loom
9:26 Feudal Age
10:25 Double-Bit Axe
11:00 Horse Collar
17:40 Wheelbarrow
20:12 Castle Age
18:37 Gold Mining
19:49 Bloodlines
20:38 Fletching
22:01 Bodkin Arrow
22:21 Bow Saw
22:21 Husbandry
23:23 Thumb Ring
Santísima TRINIDAD
9:59 Feudal Age
10:46 Double-Bit Axe
21:38 Castle Age
21:44 Loom
Connection lost

Rejoining the realm…

Still unreachable

The connection could not be restored.

Session expired

The server has moved on; the page needs a fresh start.